 Dungeon Crawl Stone Soup version 0.21-a0-84-g85d6d27 (webtiles) character file.

164 grindst0ne the Shield-Bearer (level 5, -4/41 HPs)
             Began as a Formicid Fighter on June 24, 2017.
             Killed from afar by Natasha (6 damage)
             ... with a wand of flame (?/48)
             ... on level 3 of the Dungeon.
             The game lasted 00:03:39 (1766 turns).

grindst0ne the Shield-Bearer (Formicid Fighter)     Turns: 1766, Time: 00:03:40

Health: -4/41      AC:  6    Str: 19 (20) XL:     5   Next: 73%
Magic:  5/5        EV:  9    Int:  7 (8)  God:
Gold:   38         SH: 10    Dex:  8 (11) Spells: 4/4 levels left

rFire    . . .     SeeInvis +   a - +0 war axe
rCold    . . .     Gourm    .   c - +0 shield
rNeg     . . .     Faith    .   b - +0 scale mail
rPois    .         Spirit   .   (helmet unavailable)
rElec    .         Reflect  .   (no cloak)
rCorr    .         Harm     .   (no gloves)
MR       .....                  (no boots)
Stlth    ..........             (no amulet)
HPRegen  0.13/turn              (no ring)
MPRegen  0.09/turn              (no ring)

@: no status effects
A: permanent stasis, dig shafts and tunnels, four strong arms, antennae 3
a: Dig, Shaft Self


You were on level 3 of the Dungeon.
You were hungry.

You visited 1 branch of the dungeon, and saw 3 of its levels.

You collected 38 gold pieces.

Inventory:

Hand Weapons
 a - a +0 war axe (weapon)
Armour
 b - a +0 scale mail (worn)
 c - a +0 shield (worn)
Jewellery
 k - an uncursed amulet of guardian spirit {unknown}
Scrolls
 d - a scroll of identify {unknown}
 g - a scroll of remove curse {unknown}
 i - a scroll of magic mapping {unknown}
 l - a scroll of recharging {unknown}
 n - a scroll of enchant weapon {unknown}
 o - a scroll of immolation {unknown}
 p - a scroll of fog {unknown}
Comestibles
 f - a bread ration
 h - a meat ration
 m - 3 chunks of flesh


   Skills:
 - Level 3.2 Fighting
 - Level 2.0 Axes
 - Level 3.2 Armour
 + Level 7.2 Shields


You had 4 spell levels left.
You didn't know any spells.

Dungeon Overview and Level Annotations

Branches:
Dungeon (3/15)

Altars:
Gozag
Uskayaw

Shops:
D:2 *

Annotations:
D:3 Natasha


Innate Abilities, Weirdness & Mutations

You cannot be hasted, slowed, berserked, paralysed or teleported.
You can dig through walls and to a lower floor.
Your four strong arms can wield two-handed weapons with a shield.
You have a pair of large antennae on your head. (SInv)


Message History

* * * LOW HITPOINT WARNING * * *
Natasha claws you but does no damage.
You closely miss Natasha.
Natasha is lightly wounded.
You block Natasha's attack.
You slash Natasha!
Natasha is severely wounded.
You block Natasha's attack.
Natasha drinks a potion.
Natasha is healed!
You closely miss Natasha.
Natasha is lightly wounded.
Natasha claws you but does no damage.
You closely miss Natasha.
Natasha is lightly wounded.
Natasha casts a spell at you.
Your stasis prevents you from being slowed.
You hit Natasha.
Natasha is heavily wounded.
Natasha mumbles some strange words.
Natasha zaps a wand.
The puff of flame hits you!
You die...

### #@## ##h# #.##
##.# ### #.## ...
####.####.#
###.........#
...<....)..###
####.#####h######[


You could see Natasha.

Vanquished Creatures
  Terence (D:2)
  Natasha (twice) (D:3)
  2 adders
  2 worms (D:2)
  2 dart slugs (D:2)
  2 leopard geckos (D:2)
  6 giant cockroaches
  6 goblins
  9 hobgoblins
  6 jackals (D:1)
  6 bats
  4 frilled lizards
  6 kobolds
  5 rats
59 creatures vanquished.

Notes
Turn   | Place    | Note
-------+----------+-------------------------------------------
     0 | D:1      | grindst0ne the Formicid Fighter began the quest for the Orb.
     0 | D:1      | Reached XP level 1. HP: 18/18 MP: 1/1
    39 | D:1      | Reached skill level 4 in Shields
    51 | D:1      | Reached XP level 2. HP: 19/24 MP: 2/2
   264 | D:1      | Reached XP level 3. HP: 19/29 MP: 3/3
   467 | D:1      | Reached skill level 5 in Shields
   993 | D:2      | Reached XP level 4. HP: 34/35 MP: 4/4
  1343 | D:2      | Found a hide-covered altar of Uskayaw.
  1393 | D:2      | Found Gozag's Platinum Reserve.
  1402 | D:2      | Found an opulent altar of Gozag.
  1418 | D:2      | Reached skill level 6 in Shields
  1618 | D:2      | Noticed Terence
  1628 | D:2      | Killed Terence
  1628 | D:2      | Reached XP level 5. HP: 39/41 MP: 5/5
  1683 | D:3      | Noticed Natasha
  1698 | D:3      | Killed Natasha
  1707 | D:3      | Noticed Natasha
  1715 | D:3      | Killed Natasha
  1715 | D:3      | Reached skill level 7 in Shields
  1733 | D:3      | Noticed Natasha
  1761 | D:3      | HP: 1/41 [Natasha/wand of flame (?/48) (9)]
  1766 | D:3      | Killed from afar by Natasha

Vault maps used:
D:1:      lightli_molten_gateway
D:2:      marbit_many_paths, minmay_misc_feat_enclosed,
          nicolae_gozag_zags_fifth_avenue, uniq_terence
D:3:      tso_metal_star, gup_sewer_entry_spiral, uniq_natasha

Skill      XL: |  1  2  3  4  5 |
---------------+----------------+-----
Shields        | 4 5 6 7 |  7.2
Fighting       | |  3.2
Axes           | |  2.0
Armour         | |  3.2

Action                   |  1- 3 |  4- 6 || total
-------------------------+-------+-------++-------
Melee: War axe           |   117 |   108 ||   225
 Abil: Dig               |     1 |     3 ||     4
  Use: Potion            |       |     4 ||     4
  Eat: Chunk             |     1 |     2 ||     3
Armor: Scale mail        |    44 |    44 ||    88
Dodge: Dodged            |    51 |    35 ||    86
Block: Shield            |    83 |    57 ||   140
